 Dungeon Crawl Stone Soup version 0.20-a0-658-g02b20f4 (webtiles) character file.

569 Laan the Conjurer (level 7, -4/36 HPs)
             Began as a Gargoyle Fire Elementalist on Feb 17, 2017.
             Splashed by Pikel's acid (18 damage)
             ... on level 4 of the Dungeon.
             The game lasted 00:11:20 (5474 turns).

Laan the Conjurer (Gargoyle Fire Elementalist)      Turns: 5474, Time: 00:11:20

Health: -4/36      AC:  7    Str: 12    XL:     7   Next: 33%
Magic:  7/13       EV: 12    Int: 17    God:
Gold:   179        SH:  0    Dex: 16    Spells: 6/14 levels left

rFire    . . .     SeeInvis .   g - +0 spear
rCold    . . .     Gourm    .   a - +0 robe
rNeg     + . .     Faith    .   (no shield)
rPois    ∞         Spirit   .   (no helmet)
rElec    +         Reflect  .   (no cloak)
rCorr    .         Harm     .   k - +0 pair of gloves
MR       .....                  (no boots)
Stlth    ++........             (no amulet)
Regen    0.2/turn               B - +4 ring of dexterity
MPRegen  0.2/turn               t - +2 ring of dexterity

@: no status effects
A: negative energy resistance 1, electricity resistance, unbreathing,
petrification resistance, rot immunity, AC +4
a: no special abilities


You were on level 4 of the Dungeon.
You were not hungry.

You visited 1 branch of the dungeon, and saw 4 of its levels.
You also visited: Sewer.

You collected 179 gold pieces.

Inventory:

Hand Weapons
 g - a +0 spear (weapon)
Armour
 a - a +0 robe (worn)
 k - a +0 pair of gloves (worn)
 m - a cursed -1 leather armour
Magical Staves
 n - an uncursed staff of air
Jewellery
 t - a +2 ring of dexterity (left hand)
 B - a +4 ring of dexterity (right hand)
Wands
 e - a wand of lightning (5/15)
 y - a wand of random effects (24/48)
Scrolls
 d - 3 scrolls of remove curse
 h - 2 scrolls of magic mapping {unknown}
 i - 4 scrolls of recharging
 j - 5 scrolls of fog {unknown}
 l - 2 scrolls of amnesia {unknown}
 r - 3 scrolls of identify
 u - a scroll of teleportation
Potions
 p - 3 potions of heal wounds
 q - a potion of brilliance
 s - 3 potions of magic {unknown}
 v - 2 potions of might {unknown}
 x - a potion of invisibility {unknown}
 C - a potion of berserk rage {unknown}
Books
 b - a book of Flames

   Spells                             Type                      Level
   a - Flame Tongue                   Conjuration/Fire             1
   b - Throw Flame                    Conjuration/Fire             2
   c - Conjure Flame                  Conjuration/Fire             3
   d - Inner Flame                    Hexes/Fire                   3
   e - Sticky Flame                   Conjuration/Fire             4
   f - Fireball                       Conjuration/Fire             5
Comestibles
 c - 3 bread rations
 f - 2 meat rations
 w - 4 fruits
 z - 5 chunks of flesh
 A - a royal jelly


   Skills:
 - Level 1.5 Dodging
 - Level 2.1 Stealth
 + Level 4.2 Spellcasting
 * Level 6.4 Conjurations
 - Level 3.8 Fire Magic


You had 6 spell levels left.
You knew the following spells:

 Your Spells              Type           Power        Failure   Level  Hunger
a - Flame Tongue          Conj/Fire      ###..        1%          1    None
b - Conjure Flame         Conj/Fire      ###.....     8%          3    ###....
c - Sticky Flame          Conj/Fire      ###.....     21%         4    ####...


Dungeon Overview and Level Annotations

Branches:
Dungeon (4/15)
 Temple: D:4-7

Altars:
Cheibriados
Fedhas
Nemelex Xobeh
Ru
Uskayaw
Xom

Shops:
D:4 (

Annotations:
D:4 Pikel


Innate Abilities, Weirdness & Mutations

You are resistant to torment.
Your stone body is resilient. (AC +4)
You are immune to poison.
You resist negative energy. (rN+)
You are resistant to electric shocks. (rElec)
You can survive without breathing.
You are immune to petrification.
You are immune to rotting.


Message History

Pikel drinks a potion.
Pikel is healed!
Casting: Flame Tongue
Confirm with . or Enter, or press ? or * to list all spells.
Aiming: Flame Tongue
Press: ? - help, Shift-Dir - straight line, f/p - Pikel
Aim: Pikel, wielding a whip of flaming and wearing a robe (lightly wounded)
The flame tongue hits Pikel.
Pikel is lightly wounded.
Casting: Flame Tongue
Confirm with . or Enter, or press ? or * to list all spells.
Aiming: Flame Tongue
Press: ? - help, Shift-Dir - straight line, f/p - Pikel
Aim: Pikel, wielding a whip of flaming and wearing a robe (lightly wounded)
The flame tongue hits Pikel.
Pikel appears unharmed.
Pikel is lightly wounded.
Pikel zaps a wand.
The bolt of acid hits you!
Ouch! That really hurt!
You are splashed with acid!
The acid burns!
Ouch! That really hurt!
You die...

#.#........#.###.#.#
#.######.#.#.......#
#####p######.#.#####.#.#
..#..>...................#
.......p......#.#<#####...#
...#.....####.#...........#
...[.....K.##.#.###########
...#######[##.............#
.. #@####.#.......... .
#.................
#.................
#.................
#.####.#.......... #<#
##.#..........
#.#.###....#########
#.#.#.#....#########
#.#.#.#....#........


You could see Pikel and a slave (wandering).

Vanquished Creatures
  A phantom (D:4)
  2 slaves (D:4)
  2 bullfrogs (Sewer)
  An orc wizard (D:4)
  Ijyb (D:2)
  Terence (D:2)
  2 worker ants (D:4)
  8 adders
  5 river rats (Sewer)
  A worm (D:3)
  2 dart slugs
  5 leopard geckos
  5 orcs (D:4)
  13 ball pythons
  5 giant cockroaches
  8 goblins
  5 hobgoblins
  8 jackals
  A quokka (D:2)
  4 bats
  9 frilled lizards
  4 kobolds
  28 rats
121 creatures vanquished.

Vanquished Creatures (others)
  An orc (D:4)
1 creature vanquished.

Grand Total: 122 creatures vanquished

Notes
Turn   | Place    | Note
-------+----------+-------------------------------------------
     0 | D:1      | Laan the Gargoyle Fire Elementalist began the quest for the Orb.
     0 | D:1      | Reached XP level 1. HP: 10/10 MP: 3/3
   177 | D:1      | Reached XP level 2. HP: 15/15 MP: 0/5
   261 | D:1      | Reached skill level 2 in Conjurations
   883 | D:1      | Reached XP level 3. HP: 19/19 MP: 2/6
  1860 | D:2      | Noticed Ijyb
  2128 | D:2      | Reached skill level 3 in Conjurations
  2253 | D:2      | Noticed Terence
  2706 | D:2      | Reached XP level 4. HP: 24/24 MP: 5/7
  2711 | D:2      | Learned a level 3 spell: Conjure Flame
  2734 | D:2      | Killed Ijyb
  2762 | D:2      | Killed Terence
  3027 | D:3      | Found a glowing drain.
  3033 | D:3      | Reached XP level 5. HP: 28/28 MP: 5/9
  3118 | Sewer    | Entered a sewer
  3262 | Sewer    | Reached skill level 4 in Conjurations
  3844 | Sewer    | Reached skill level 5 in Conjurations
  3844 | Sewer    | Reached XP level 6. HP: 11/32 MP: 3/11
  4391 | D:3      | Learned a level 4 spell: Sticky Flame
  4410 | D:3      | Found a shimmering altar of Xom.
  4859 | D:4      | Reached XP level 7. HP: 21/36 MP: 0/13
  4983 | D:4      | Found Tieni's Antique Weapon Boutique.
  5139 | D:4      | Found a blossoming altar of Fedhas.
  5139 | D:4      | Found a hide-covered altar of Uskayaw.
  5139 | D:4      | Found a snail-covered altar of Cheibriados.
  5143 | D:4      | Found a sparkling altar of Nemelex Xobeh.
  5144 | D:4      | Found a sacrificial altar of Ru.
  5303 | D:4      | Reached skill level 6 in Conjurations
  5352 | D:4      | HP: 1/36 [slave[Pikel] (1)]
  5471 | D:4      | Noticed Pikel
  5474 | D:4      | Splashed by Pikel's acid

Vault maps used:
D:1:      lemuel_arrival_river_passageway
D:2:      first_bread, roderic_lattice_a, uniq_terence, uniq_iyjb
D:3:      xom_butterflies, portal_sewer_entry_f
D:4:      minitemple, serial_shops, nicolae_shop_overgrown_old_shop,
          lemuel_old_faithful, uniq_pikel
Sewer:    sewer_minmay_w

Skill      XL: |  1  2  3  4  5  6  7 |
---------------+----------------------+-----
Conjurations   | 2 3 5 6 |  6.4
Spellcasting   | 3 4 |  4.2
Dodging        | |  1.5
Stealth        | |  2.1
Fire Magic     | |  3.8

Action                   |  1- 3 |  4- 6 |  7- 9 || total
-------------------------+-------+-------+-------++-------
Melee: Spear             |    19 |    30 |    11 ||    60
       Staff             |     5 |       |       ||     5
 Cast: Flame Tongue      |    71 |   122 |    41 ||   234
Evoke: Wand              |       |     1 |       ||     1
  Use: Scroll            |     7 |       |       ||     7
       Potion            |     2 |     1 |     2 ||     5
 Stab: Sleeping          |     1 |       |       ||     1
  Eat: Chunk             |     2 |     6 |     2 ||    10
       Meat ration       |     1 |       |       ||     1
       Fruit             |     1 |       |       ||     1
Armor: Robe              |    12 |    41 |    16 ||    69
Dodge: Dodged            |    31 |    84 |    13 ||   128
